 Dungeon Crawl Stone Soup version 0.32-a0-473-gd044c6f0f0 (webtiles) character file.

Game seed: 3428079883523312230

17261 runemasterragnar the Carver (level 12, -3/102 HPs)
             Began as a Coglin Gladiator on Feb 26, 2024.
             Was a High Priest of Okawaru.
             Slain by a death yak (17 damage)
             ... in an ice cave.
             The game lasted 00:20:33 (15419 turns).

runemasterragnar the Carver (Coglin Gladiator)     Turns: 15419, Time: 00:20:33

Health: -3/102     AC: 17    Str: 19    XL:     12   Next: 46%
Magic:  11/12      EV: 12    Int:  7    God:    Okawaru [*****.]
Gold:   843        SH:  0    Dex: 17    Spells: 11/11 levels left

rFire   + . .        A - +2 scimitar {Sizwe}
rCold   + . .        g - +0 dagger (protect) {Kanchana}
rNeg    . . .        i - +2 ring mail {rPois}
rPois   +            t - +2 helmet
rElec   +            (no cloak)
rCorr   +            (no gloves)
SInv    .            (no boots)
Will    .....        (no amulet)
Stlth   +            (ring unavailable)
HPRegen 0.37/turn    (ring unavailable)
MPRegen 0.13/turn

%: no passive effects
@: mighty, resistant, under a protective aura, revved
A: off-hand wielding, slow wielding, warmup strikes, no rings
a: Renounce Religion, Heroism, Finesse, Duel


You were in an ice cave.
You worshipped Okawaru.
Okawaru was extremely pleased with you.
You visited 2 branches of the dungeon, and saw 13 of its levels.
You also visited: Ice Cave.

You collected 891 gold pieces.
You spent 48 gold pieces at shops.

Inventory:

Hand Weapons
 a - a +0 long sword {Sebastián}
 f - a +1 dagger of speed
 g - a +0 dagger of protection (offhand) {Kanchana}
 s - a +3 dagger of freezing
 y - a +0 scimitar {Juan}
 A - a +2 scimitar (weapon) {Sizwe}
 F - a +4 short sword
Missiles
 d - 3 throwing nets
 e - a curare-tipped dart
 l - 4 poisoned darts
 q - 11 boomerangs
 E - 2 silver javelins (quivered)
 H - a javelin
Armour
 b - a +0 leather armour
 c - a +1 helmet
 i - a +2 ring mail of poison resistance (worn)
 r - a +0 scale mail
 t - a +2 helmet (worn)
Wands
 h - a wand of polymorph (9)
 D - a wand of charming (10)
 G - a wand of iceblast (2)
Scrolls
 j - a scroll of torment {unknown}
 k - 4 scrolls of teleportation
 n - 2 scrolls of amnesia
 C - 2 scrolls of summoning
 J - 2 scrolls of enchant weapon
Potions
 m - a potion of enlightenment
 o - a potion of resistance
 p - 2 potions of might
 u - 4 potions of attraction
 v - 4 potions of curing
 w - 10 potions of degeneration
 x - a potion of brilliance
 z - 2 potions of cancellation
 B - a potion of haste
 I - a potion of mutation


   Skills:
 + Level 11.9 Fighting
 - Level 14.8 Long Blades
 * Level 6.9 Throwing
 - Level 2.6 Dodging


You had 11 spell levels left.
You didn't know any spells.
Your spell library contained the following spells:

 Spells                   Type           Power      Damage    Failure   Level
 Apportation              Tloc           0%         N/A       63%         1
 Jinxbite                 Hex            0%         N/A       77%         2
 Static Discharge         Conj/Air       0%         3-3/arc   77%         2
 Dazzling Flash           Conj/Hex       0%         N/A       94%         3
 Mephitic Cloud           Conj/Alch/Air  0%         N/A       94%         3
 Airstrike                Air            0%         2d(0-16)  100%        4
 Ignite Poison            Fire/Alch      0%         N/A       100%        4
 Sticky Flame             Fire/Alch      0%         2d4       100%        4
 Alistair's Intoxication  Alch           0%         N/A       100%        5
 Borgnjor's Vile Clutch   Necr/Erth      0%         N/A       100%        5
 Curse of Agony           Necr           0%         N/A       100%        5
 Silence                  Hex/Air        0%         N/A       100%        5
 Eringya's Noxious Bog    Alch           0%         4d6       100%        6
 Ignition                 Fire           0%         3d3       100%        8
 Summon Lightning Spire   Summ/Air       Unusable   N/A       N/A         4

Dungeon Overview and Level Annotations

Branches:
Dungeon (12/15)            Temple (1/1) D:5            Lair (0/5) D:10
    Orc (0/2) D:11          IceCv (1/1)

Altars:
Ashenzari
Cheibriados
Dithmenos
Elyvilon
Fedhas
Gozag
Hepliaklqana
Kikubaaqudgha
Makhleb
Nemelex Xobeh
Okawaru
Qazlal
Ru
Sif Muna
Trog
Uskayaw
Vehumet
Wu Jian
Xom
Yredelemnul
Zin
The Shining One

Shops:
D:5 :   D:6 !   D:11 *

Portals:
Trove: D:10 (give +6 demon whip)

Annotations:
D:9 3 runed translucent doors, mycrawlcharacter's ghost, journeyman MiBe


Innate Abilities, Weirdness & Mutations

You can wield a second weapon in your off-hand.
It takes a long time for you to wield or remove held weapons.
Your first few attacks do less damage.
Your grasper-arms cannot wear rings.


Message History

You hit the death yak with your +0 dagger of protection.
The death yak is severely wounded.
You slice the death yak with your +2 scimitar!!
You kill the death yak!
Okawaru accepts your kill.
You are engulfed in freezing vapours.
The yak is engulfed in freezing vapours.
You puncture the yak with your +0 dagger of protection!
The yak is lightly wounded.
You slice the yak with your +2 scimitar!!
You are engulfed in freezing vapours.
Unknown command.
You hit the yak with your +0 dagger of protection.
The yak is almost dead.
You slash the yak with your +2 scimitar!
You kill the yak!
Okawaru accepts your kill.
You are engulfed in freezing vapours.
The yak is engulfed in freezing vapours.
The yak dies!
You feel protected.
You are engulfed in freezing vapours.
You resist.
The death yak is engulfed in freezing vapours.
The death yak gores you!!
* * * LOW HITPOINT WARNING * * *
Okay, then.
Okay, then.
Okay, then.
Okay, then.
Okay, then.
Okay, then.
You puncture the death yak with your +0 dagger of protection!
The death yak is moderately wounded.
You slash the death yak with your +2 scimitar!
You are engulfed in freezing vapours.
You resist.
* * * LOW HITPOINT WARNING * * *
The rime drake is engulfed in freezing vapours.
The death yak is engulfed in freezing vapours.
The death yak gores you!
You die...

###### ###§#°.#
####§.§.○§###
#§#☼§§.○.§☼§##
#####@☼##○.§§§§..###
#..kY#######...§.☼.###
#...#§...# ####..○○..†
#.. ##.....# ##.#°##.
# ##.....# #######
###.... # #... ##.


You could see a death yak and a rime drake.

Vanquished Creatures
  2 two-headed ogres
  A death yak (IceCv)
  2 boulder beetles
  A cyclops (D:9)
  2 rime drakes (IceCv)
  An unseen horror (D:10)
  A kobold demonologist (D:10)
  3 trolls
  6 polar bears (IceCv)
  Grinder (D:3)
  2 hornets
  A centaur simulacrum (D:12)
  A shadow (D:10)
  4 wyverns
  22 yaks
  2 acid dragons (D:11)
  2 water moccasins
  A swamp drake (D:11)
  5 orc warriors
  A sky beast (D:7)
  2 ice beasts (D:6)
  2 ogres
  2 centaurs
  12 wolves (IceCv)
  A phantom (D:4)
  A kobold brigand (D:9)
  4 scorpions
  26 wights
  14 killer bees
  4 howler monkeys
  2 hounds
  3 jellies
  9 orc priests
  3 gnoll boudas
  2 iguanas
  2 sleepcaps
  Jessica (D:2)
  Natasha (twice) (D:2)
  12 orc wizards
  Robin (D:3)
  10 gnolls
  8 adders
  13 white imps
  2 ufetubi (D:5)
  3 ribbon worms
  3 dart slugs
  41 orcs
  9 endoplasms
  2 giant cockroaches (D:3)
  21 goblins
  15 hobgoblins
  6 jackals
  15 kobolds
  2 quokkas
  13 ball pythons
  10 bats
  4 frilled lizards
  8 rats
351 creatures vanquished.

Vanquished Creatures (others)
  A yak (IceCv)
1 creature vanquished.

Grand Total: 352 creatures vanquished

Notes
Turn   | Place    | Note
-------+----------+-------------------------------------------
     0 | D:1      | runemasterragnar the Coglin Gladiator began the quest for
                  | the Orb.
     0 | D:1      | Reached XP level 1. HP: 16/16 MP: 1/1
   224 | D:1      | Reached XP level 2. HP: 18/22 MP: 2/2
   455 | D:1      | Reached XP level 3. HP: 28/28 MP: 3/3
   602 | D:1      | Reached skill level 4 in Long Blades
  1381 | D:2      | Noticed Natasha
  1389 | D:2      | Killed Natasha
  1390 | D:2      | Reached XP level 4. HP: 28/35 MP: 4/4
  1482 | D:2      | You fall into a shaft and drop 2 floors!
  1625 | D:4      | Noticed a phantom
  1639 | D:4      | Killed a phantom
  1640 | D:4      | Reached skill level 5 in Long Blades
  1640 | D:4      | Reached XP level 5. HP: 41/41 MP: 5/5
  1840 | D:4      | Found a broken altar of Ashenzari.
  1928 | D:4      | Reached XP level 6. HP: 34/48 MP: 6/6
  2225 | D:4      | Reached skill level 6 in Long Blades
  2561 | D:3      | Found a hazy altar of Hepliaklqana.
  2561 | D:3      | Found an ancient bone altar of Kikubaaqudgha.
  2584 | D:3      | Noticed Grinder
  2595 | D:3      | Paralysed by Grinder for 2 turns
  2601 | D:3      | Killed Grinder
  2602 | D:3      | Reached XP level 7. HP: 27/55 MP: 7/7
  2614 | D:3      | Noticed Robin
  2634 | D:3      | Killed Robin
  2635 | D:3      | Reached skill level 7 in Long Blades
  3186 | D:2      | Noticed Jessica
  3190 | D:2      | Killed Jessica
  3225 | D:2      | Noticed Natasha
  3229 | D:2      | Killed Natasha
  3230 | D:2      | Reached skill level 5 in Fighting
  3571 | D:5      | Entered Level 5 of the Dungeon
  3741 | D:5      | Reached XP level 8. HP: 39/62 MP: 8/8
  3858 | D:5      | Reached skill level 8 in Long Blades
  4025 | D:5      | Found Ryffitz's Book Boutique.
  4085 | D:5      | Found a staircase to the Ecumenical Temple.
  4101 | Temple   | Entered the Ecumenical Temple
  4106 | Temple   | Became a worshipper of Warmaster Okawaru
  4434 | D:6      | Reached skill level 9 in Long Blades
  4601 | D:6      | Reached * piety under Okawaru
  4602 | D:6      | Reached XP level 9. HP: 62/71 MP: 9/9
  4744 | D:6      | Reached skill level 10 in Long Blades
  5157 | D:6      | Found Icio's Distillery.
  5169 | D:6      | Bought a potion of degeneration for 12 gold pieces
  5169 | D:6      | Bought a potion of curing for 36 gold pieces
  5581 | D:6      | Reached ** piety under Okawaru
  5861 | D:7      | Reached skill level 11 in Long Blades
  5884 | D:7      | Found a glowing golden altar of the Shining One.
  7390 | D:8      | Reached XP level 10. HP: 68/81 MP: 10/10
  7684 | D:8      | Reached skill level 12 in Long Blades
  8342 | D:9      | Noticed a two-headed ogre
  8380 | D:9      | Killed a two-headed ogre
  8380 | D:9      | Reached *** piety under Okawaru
  8817 | D:9      | Noticed a cyclops
  8828 | D:9      | Killed a cyclops
  8828 | D:9      | Reached **** piety under Okawaru
  8855 | D:9      | Reached skill level 13 in Long Blades
  9668 | D:9      | Found a runed translucent gate.
  9668 | D:9      | Noticed a ten-headed hydra
  9669 | D:9      | Found a runed translucent gate.
  9670 | D:9      | Noticed an 11-headed hydra
  9674 | D:9      | Found a runed translucent gate.
  9683 | D:9      | Noticed mycrawlcharacter's ghost (journeyman MiBe)
  9739 | D:9      | Reached XP level 11. HP: 58/90 MP: 11/11
 10243 | D:10     | Entered Level 10 of the Dungeon
 10337 | D:10     | Reached skill level 10 in Fighting
 10504 | D:10     | Noticed a boulder beetle
 10662 | D:10     | Killed a boulder beetle
 10663 | D:10     | Reached skill level 14 in Long Blades
 11183 | D:10     | Found a portal to a secret trove of treasure.
 11232 | D:10     | Found a staircase to the Lair.
 11284 | D:10     | Reached ***** piety under Okawaru
 11401 | D:10     | Paralysed by a hornet for 2 turns
 13301 | D:11     | Noticed a boulder beetle
 13333 | D:11     | Killed a boulder beetle
 13562 | D:11     | Found Qajex's Changing Room.
 13579 | D:11     | Noticed a two-headed ogre
 13589 | D:11     | Killed a two-headed ogre
 13756 | D:11     | Received a gift from Okawaru
 13923 | D:11     | Found a staircase to the Orcish Mines.
 14126 | D:12     | Found a frozen archway.
 14258 | IceCv    | Entered an ice cave
 14568 | IceCv    | Reached XP level 12. HP: 80/100 MP: 12/12
 14671 | IceCv    | Reached skill level 5 in Throwing
 14687 | IceCv    | Received a gift from Okawaru
 15394 | IceCv    | Noticed a death yak
 15400 | IceCv    | Noticed a death yak
 15415 | IceCv    | Killed a death yak
 15419 | IceCv    | Slain by a death yak

Illustrated notes

Levels and vault maps discovered:
D:1:      dpeg_arrival_rhombus, layout_basic, serial_bayou_ford_a,
          chequers_hall_statues_wall_a, kennysheep_minor_cross
D:2:      layout_basic, uniq_jessica, uniq_natasha
D:3:      layout_rooms, jmf_multi_god_temple, uniq_robin, uniq_grinder
D:4:      corexii_shack_village, layout_basic, kennysheep_little_box,
          minmay_misc_feat_square
D:5:      layout_basic, minmay_temple_entry_purple_smoke,
          minmay_shop_grid_forest
D:6:      layout_cave_pools, serial_shops, shop, patterned_corridor
D:7:      layout_layer_cave, mainiacjoe_overflow_paths
D:8:      layout_basic, minivault_22
D:9:      layout_loops_corners, serial_glass, glass_columns_c, glass_columns_a,
          glass_columns_a, glass_columns_a, gammafunk_ghost_hydra_chop,
          minmay_door_square, feat_on_display
D:10:     layout_rooms, lair_entry_dummy, trove_entry_hex_spiral
D:11:     layout_roguey, erik_orc_1, grunt_decor_arrowhead,
          nicolae_transmutations_shop
D:12:     layout_roguey, serial_ice, serial_ice_k, serial_ice_g, serial_ice_m,
          serial_ice_o, serial_ice_a, serial_ice_c, portal_ice_cave_entry_imps,
          hangedman_decor_clover_reticule, uniq_snorg
Temple:   regret_index_temple_chain_breaker
IceCv:    ice_cave_caverns_01

Skill      XL: |  1  2  3  4  5  6  7  8  9 10 11 12 |
---------------+-------------------------------------+-----
Long Blades    | 4 5 6 7 9 11 13 14 | 14.8
Fighting       | 3 4 5 6 8 9 11 | 11.9
Throwing       | 4 6 |  6.9
Dodging        | |  2.6

Action                     |  1- 3 |  4- 6 |  7- 9 | 10-12 || total
---------------------------+-------+-------+-------+-------++-------
  Melee: Long sword        |   104 |   121 |   236 |       ||   461
         Dagger            |    54 |   109 |   354 |   642 ||  1159
         Scimitar          |       |       |   147 |   693 ||   840
  Throw: Boomerang         |       |       |     6 |    36 ||    42
         Dart              |       |       |       |    14 ||    14
         Javelin           |       |       |       |     7 ||     7
 Invoke: Heroism           |       |       |       |     6 ||     6
    Use: Potion            |       |     1 |     1 |    12 ||    14
         Scroll            |       |       |    11 |    10 ||    21
   Stab: Sleeping          |     2 |     1 |       |       ||     3
 Armour: Leather armour    |    78 |    26 |       |       ||   104
         Scale mail        |       |    40 |   294 |   277 ||   611
         Skin              |       |       |       |    35 ||    35
         Ring mail         |       |       |       |   206 ||   206
  Dodge: Dodged            |   100 |    57 |   183 |   265 ||   605

Table legend: (Time is in decaauts)
 A = Elapsed time spent in this place.
 B = Non-inter-level travel time spent in this place.
 C = Inter-level travel time spent in this place.
 D = Time resting spent in this place.
 E = Time spent auto-exploring this place.
 F = Levels seen in this place.
 G = Mean time per level.
                   A        B        C        D        E       F      G
               +--------+--------+--------+--------+--------+-----+--------+
         Total |  15118 |  14696 |    422 |   2896 |   9476 |  14 | 1079.9 |
       Dungeon |  14027 |  13605 |    422 |   2407 |   9090 |  12 | 1168.9 |
        Temple |     10 |     10 |      0 |      0 |      0 |   1 |   10.0 |
      Ice Cave |   1081 |   1081 |      0 |    489 |    386 |   1 | 1081.0 |
               +--------+--------+--------+--------+--------+-----+--------+

Top non-repeatable levels by time:
    D:11: 1944 daAuts
     D:9: 1932 daAuts
    D:10: 1814 daAuts
     D:6: 1338 daAuts
     D:7: 1270 daAuts
     D:1: 1210 daAuts
     D:8: 1098 daAuts
   IceCv: 1081 daAuts
     D:4: 1042 daAuts
     D:5: 890 daAuts
     D:3: 690 daAuts
     D:2: 641 daAuts
    D:12: 152 daAuts
  Temple: 10 daAuts
